 Dungeon Crawl Stone Soup version 0.22-a0-159-g7ce444f (webtiles) character file.

98 zero the Covert (level 4, -3/21 HPs)
             Began as a Spriggan Enchanter on Feb 9, 2018.
             Killed by divine providence
             ... invoked by an orc priest
              (17 damage)
             ... on level 3 of the Dungeon.
             The game lasted 00:04:25 (2911 turns).

zero the Covert (Spriggan Enchanter)                Turns: 2911, Time: 00:04:26

Health: -3/21      AC:  2    Str:  4    XL:     4   Next: 43%
Magic:  3/9        EV: 18    Int: 16    God:
Gold:   40         SH:  0    Dex: 17    Spells: 2/8 levels left

rFire    . . .     SeeInvis +   a - +1 dagger
rCold    . . .     Gourm    .   (shield restricted)
rNeg     . . .     Faith    .   b - +0 robe
rPois    .         Spirit   .   (helmet restricted)
rElec    .         Reflect  .   (no cloak)
rCorr    .         Harm     .   (gloves unavailable)
MR       .....                  (boots unavailable)
Stlth    ++++......             (no amulet)
HPRegen  0.07/turn              (no ring)
MPRegen  0.11/turn              (no ring)

@: very slightly contaminated, very quick
A: very small, unfitting armour, see invisible, herbivore, speed 3, slow
metabolism 2
a: no special abilities


You were on level 3 of the Dungeon.
You were not hungry.

You visited 1 branch of the dungeon, and saw 4 of its levels.

You collected 40 gold pieces.

Inventory:

Hand Weapons
 a - a +1 dagger (weapon)
 l - a +0 hunting sling
Missiles
 e - 49 stones (quivered)
 f - 26 sling bullets
Armour
 b - a +0 robe (worn)
Scrolls
 h - 4 scrolls of identify {unknown}
 i - a scroll of fog {unknown}
 j - a scroll of enchant armour {unknown}
 k - 2 scrolls of magic mapping {unknown}
 n - a scroll of amnesia {unknown}
 o - a scroll of fear {unknown}
 p - a scroll of enchant weapon {unknown}
Potions
 g - a potion of heal wounds {unknown}
 m - a potion of curing {unknown}
Books
 c - a book of Maledictions

   Spells                             Type                      Level
   a - Corona                         Hexes                        1
   b - Ensorcelled Hibernation        Hexes/Ice                    2
   c - Confuse                        Hexes                        3
   d - Tukima's Dance                 Hexes                        3
   e - Dazzling Spray                 Conjuration/Hexes            3


   Skills:
 - Level 1.1 Short Blades
 - Level 3.0 Dodging
 + Level 8.2 Stealth
 - Level 2.6 Spellcasting
 - Level 3.6 Hexes


You had 2 spell levels left.
You knew the following spells:

 Your Spells              Type           Power        Failure   Level  Hunger
a - Corona                Hex            ##.....      4%          1    #......
b - Ensorcelled Hibernat  Hex/Ice        #.....       14%         2    ##.....
c - Confuse               Hex            ##......     13%         3    ###....


Dungeon Overview and Level Annotations

Branches:
Dungeon (4/15)
 Temple: D:4-7

Altars:


Innate Abilities, Weirdness & Mutations

You are very small and have problems with some larger weapons.
You are too small for most types of armour.
You have supernaturally acute eyesight. (SInv)
You are a herbivore.
You cover ground extremely quickly.
You need consume almost no food.


Message History

The giant cockroach misses you. The orc completely misses you.
The orc priest looks braver for a moment.
Casting: Ensorcelled Hibernation (safe; 14% risk of failure)
Confirm with . or Enter, or press ? or * to list all spells.
Aiming: Ensorcelled Hibernation (safe; 14% risk of failure)
Press: ? - help, Shift-Dir - straight line, f/p - orc
Aim: an orc, wielding a flail (chance to defeat MR: 56%)
The orc looks drowsy...
The orc barely misses you. The giant cockroach misses you.
The helpless orc fails to defend itself.
You impale the orc!!
You kill the orc!
The giant cockroach misses you. The orc misses you.
You hit the orc.
The orc is lightly wounded.
The giant cockroach barely misses you. The orc closely misses you. x2
The orc priest calls down the wrath of Beogh upon you.
Beogh smites you!
Ouch! That really hurt!
You die...

#..<# #...###
#.....# #...#.#
#^..#.# #...#.#
## ###.#.# ..
#...#####.#
###.##@o..#
#.gos####
#..ooK..#
##....#.# #..##.#
os #.###.## ..o
### ...
##..####.....
.... #.....)o?.#
........#..####.#


You could see an orc priest, 3 orcs, a giant cockroach, a hobgoblin and a
kobold.

Vanquished Creatures
  An orc wizard (D:3)
  2 adders (D:2)
  A worm (D:2)
  A dart slug (D:1)
  A leopard gecko (D:1)
  An orc (D:3)
  2 giant cockroaches
  6 goblins
  5 hobgoblins
  A quokka (D:2)
  2 ball pythons
  5 bats
  5 frilled lizards
  10 kobolds
  4 rats
47 creatures vanquished.

Notes
Turn   | Place    | Note
-------+----------+-------------------------------------------
     0 | D:1      | zero the Spriggan Enchanter began the quest for the Orb.
     0 | D:1      | Reached XP level 1. HP: 9/9 MP: 5/5
   133 | D:1      | Reached skill level 5 in Stealth
   256 | D:1      | Reached XP level 2. HP: 13/13 MP: 6/6
   260 | D:1      | Learned a level 2 spell: Ensorcelled Hibernation
   629 | D:1      | Reached skill level 6 in Stealth
   899 | D:1      | You fall through a shaft!
  1172 | D:2      | Reached XP level 3. HP: 16/16 MP: 8/8
  1177 | D:2      | Learned a level 3 spell: Confuse
  1502 | D:2      | Reached skill level 7 in Stealth
  2484 | D:1      | Reached XP level 4. HP: 21/21 MP: 9/9
  2720 | D:3      | Reached skill level 8 in Stealth
  2911 | D:3      | Killed from afar by an orc priest

Vault maps used:
D:1:      lemuel_arrival_muddy
D:4:      okawaru_altar_gauntlet_db

Skill      XL: |  1  2  3  4 |
---------------+-------------+-----
Stealth        | 5 6 7 8 |  8.2
Short Blades   | |  1.1
Dodging        | |  3.0
Spellcasting   | |  2.6
Hexes          | |  3.6

Action                   |  1- 3 |  4- 6 || total
-------------------------+-------+-------++-------
Melee: Dagger            |    77 |     5 ||    82
 Fire: Hunting sling     |    60 |       ||    60
 Cast: Corona            |     3 |       ||     3
       Ensorcelled Hiber |    11 |     5 ||    16
 Stab: Sleeping          |    19 |     2 ||    21
       Distracted        |     1 |       ||     1
  Eat: Ration            |       |     1 ||     1
Armor: Robe              |    11 |       ||    11
Dodge: Dodged            |    88 |    24 ||   112

Table legend:
 A = Spawn XP
 B = Non-spawn XP
 C = Spawn XP percentage of total XP
 D = Spawn monster count
 E = Non-spawn monster count
 F = Spawn count percentage of total count
 G = Total turns spent on level
                    A         B        C        D         E        F      G
               +---------+---------+-------+---------+---------+-------+---------
         Total |       0 |     140 |   0.0 |       0 |      47 |   0.0 |  2911
               +---------+---------+-------+---------+---------+-------+---------
           D:1 |       0 |      43 |   0.0 |       0 |      26 |   0.0 |  1367
           D:2 |       0 |      54 |   0.0 |       0 |      19 |   0.0 |  1320
           D:3 |       0 |      43 |   0.0 |       0 |       2 |   0.0 |    50
               +---------+---------+-------+---------+---------+-------+---------
